 Dungeon Crawl Stone Soup version 0.27.1-34-g3ba077fa99 (webtiles) character file.

Game seed: 12060727132934163257

84 Cykl0x the Slasher (level 4, 0/27 HPs)
             Began as a Gargoyle Gladiator on Jan 9, 2022.
             Slain by a ball python (2 damage)
             ... while paralysed by Grinder
             ... on level 3 of the Dungeon.
             The game lasted 00:03:49 (2135 turns).

Cykl0x the Slasher (Gargoyle Gladiator)             Turns: 2135, Time: 00:03:49

Health: 0/27       AC: 10    Str: 19    XL:     4   Next: 46%
Magic:  4/4        EV: -1    Int:  8    God:
Gold:   60         SH:  0    Dex: 11    Spells: 3/3 levels left

rFire    . . .     SeeInvis .   a - +0 long sword
rCold    . . .     Faith    .   (no shield)
rNeg     + . .     Spirit   .   i - +0 ring mail
rPois    ∞         Reflect  .   c - +0 helmet
rElec    +         Harm     .   (no cloak)
rCorr    .         Rampage  .   (no gloves)
Will     .....                  (no boots)
Stlth    +.........             (no amulet)
HPRegen  0.09/turn              (no ring)
MPRegen  0.09/turn              (no ring)

@: paralysed, constricted
A: sickness immunity, AC +3, negative energy resistance 1, electricity
resistance, torment resistance 1, petrification resistance
a: no special abilities


You were on level 3 of the Dungeon.
You visited 1 branch of the dungeon, and saw 3 of its levels.

You collected 74 gold pieces.
You spent 14 gold pieces at shops.

Inventory:

Hand Weapons
 a - a +0 long sword (weapon)
Missiles
 d - a throwing net (quivered)
 g - 39 stones
Armour
 b - a +0 leather armour
 c - a +0 helmet (worn)
 i - a +0 ring mail (worn)
Jewellery
 m - a ring of protection from fire
Scrolls
 f - a scroll of teleportation
 k - 2 scrolls of noise
Potions
 e - a potion of lignification
 h - a potion of attraction
 j - a potion of haste {unknown}
 l - a potion of curing {unknown}
 n - a potion of heal wounds {unknown}


   Skills:
 + Level 2.7 Fighting
 + Level 3.4 Long Blades
 + Level 2.2 Throwing
 * Level 1.9 Armour
 + Level 2.8 Dodging


You had 3 spell levels left.
You didn't know any spells.
Your spell library was empty.

Dungeon Overview and Level Annotations

Branches:
Dungeon (3/15)

Altars:

Shops:
D:1 *

Annotations:
D:3 Grinder


Innate Abilities, Weirdness & Mutations

You are immune to sickness and miasma.
Your stone body is resilient. (AC +3)
You are immune to poison.
You resist negative energy. (rN+)
You are resistant to electric shocks. (rElec)
You are resistant to unholy torment.
You are immune to petrification.


Message History

You suddenly lose the ability to move!
A ball python comes into view.
The ball python hisses angrily.
You can move again.
Items here: (( )))) [[ ††.
You throw a throwing net. The throwing net hits Grinder.
Grinder is caught in the net!
Grinder struggles against the net.
A ball python comes into view.
Grinder blinks!
There is a stone staircase leading up here.
The ball python closely misses you.
You riposte.
You closely miss the ball python. The ball python barely misses you.
You see here a throwing net.
You barely miss the ball python. The ball python misses you.
You riposte.
You closely miss the ball python. The ball python grabs you.
The ball python constricts you.
The ball python bites you but does no damage.
The ball python constricts you. The ball python barely misses you.
You hit the ball python.
You kill the ball python!
The ball python closely misses you. The ball python grabs you.
The ball python constricts you.
You escape the ball python's grasp.
Grinder gestures at you.
You suddenly lose the ability to move!
The ball python bites you but does no damage.
The ball python grabs you. The ball python constricts you.
Grinder gestures at you. Pain shoots through your body!
The ball python bites you. The ball python constricts you.
The ball python bites you but does no damage.
The ball python constricts you. The ball python bites you.
The ball python constricts you. Grinder hits you but does no damage.
The ball python bites you. The ball python constricts you. Grinder hits you!
* * * LOW HITPOINT WARNING * * *
You writhe in agony.
* * * LOW HITPOINT WARNING * * *
The ball python bites you.
You die...

#(.# # #..# . .... #.
#..## ###.# #...#
.....##...#
......#...#
......(.##############
...(..#5@(<)†.........
..... #.S#############
..#K #..# ... ##.# ..
#.# . #.# #.# #.. #.#


You could see Grinder and a ball python.

Vanquished Creatures
  2 adders (D:2)
  A gnoll (D:1)
  3 orcs (D:3)
  5 ball pythons
  An endoplasm (D:1)
  2 giant cockroaches
  5 goblins
  8 hobgoblins
  2 jackals (D:2)
  3 quokkas
  7 bats
  3 frilled lizards
  3 kobolds
  8 rats
53 creatures vanquished.

Vanquished Creatures (others)
  6 demonic plants (D:2)
  A plant (D:2)
  A withered plant (D:2)
8 creatures vanquished.

Grand Total: 61 creatures vanquished

Notes
Turn   | Place    | Note
-------+----------+-------------------------------------------
     0 | D:1      | Cykl0x the Gargoyle Gladiator began the quest for the Orb.
     0 | D:1      | Reached XP level 1. HP: 12/12 MP: 1/1
   226 | D:1      | Reached XP level 2. HP: 17/17 MP: 2/2
   361 | D:1      | Found Vaiq's General Store.
   364 | D:1      | Bought 12 stones for 14 gold pieces
   720 | D:1      | Reached skill level 3 in Long Blades
   720 | D:1      | Reached skill level 1 in Armour
   748 | D:1      | Reached XP level 3. HP: 21/22 MP: 3/3
  1315 | D:2      | Found a faded altar of an unknown god.
  1753 | D:2      | Reached XP level 4. HP: 27/27 MP: 4/4
  2104 | D:3      | Noticed Grinder
  2121 | D:3      | Paralysed by Grinder for 5 turns
  2131 | D:3      | Paralysed by Grinder for 5 turns
  2135 | D:3      | Slain by a ball python

Illustrated notes

Levels and vault maps discovered:
D:1:      amcnicky_arrival_double_pillar, layout_basic, serial_shops,
          nicolae_shop_window_shopping, chequers_serial_rivers_room_b
D:2:      layout_loops_ring, shapermc_ecumenical_altar_gd
D:3:      layout_loops_ring, general_overflow_altar, uniq_grinder, uniq_jessica

Skill      XL: |  1  2  3 |
---------------+----------+-----
Long Blades    | 3 |  3.4
Armour         | 1 |  1.9
Throwing       | 2 |  2.2
Fighting       | |  2.7
Dodging        | |  2.8

Action                   |  1- 3 |  4- 6 || total
-------------------------+-------+-------++-------
Melee: Long sword        |   102 |    44 ||   146
Throw: Stone             |    44 |     8 ||    52
       Throwing net      |     3 |     1 ||     4
  Use: Scroll            |     3 |     2 ||     5
Armor: Leather armour    |    28 |       ||    28
       Ring mail         |    17 |    30 ||    47
Dodge: Dodged            |    64 |    31 ||    95
       Rpst.: Long sword |    24 |    10 ||    34
